 Dungeon Crawl Stone Soup version 0.26.0-16-gc1dbca0489 (webtiles) character file.

Game seed: 10004038576000965666

57 thiole the Sneak (level 4, 0/28 HPs)
             Began as an Octopode Hedge Wizard on Jan 19, 2021.
             Slain by a hobgoblin
             ... wielding a +0 club
             ... led by Robin
              (8 damage)
             ... on level 2 of the Dungeon.
             The game lasted 00:01:50 (2538 turns).

thiole the Sneak (Octopode Hedge Wizard)            Turns: 2538, Time: 00:01:50

Health: 0/28       AC:  1    Str:  9    XL:     4   Next: 0%
Magic:  4/8        EV: 13    Int: 17    God:
Gold:   167        SH:  0    Dex: 11    Spells: 8/9 levels left

rFire    . . .     SeeInvis .   a - +0 dagger
rCold    . . .     Faith    .   (no shield)
rNeg     . . .     Spirit   .   b - +0 hat
rPois    .         Reflect  .   (no amulet)
rElec    .         Harm     .   (no ring)
rCorr    .         Rampage  .   (no ring)
Will     .....                  (no ring)
Stlth    +++.......             (no ring)
HPRegen  0.09/turn              (no ring)
MPRegen  0.11/turn              (no ring)
                                (no ring)
                                (no ring)

@: attractive
A: almost no armour, stealthy swim, amphibious, 8 rings, constrict 8, camouflage
1, gelatinous body 1
a: no special abilities


You were on level 2 of the Dungeon.
You visited 1 branch of the dungeon, and saw 2 of its levels.

You collected 167 gold pieces.

Inventory:

Hand Weapons
 a - a +0 dagger (weapon)
Armour
 b - a +0 hat (worn)
Scrolls
 c - a scroll of remove curse {unknown}
 f - a scroll of teleportation {unknown}
 g - 2 scrolls of identify {unknown}
 h - a scroll of noise {unknown}
 k - 4 scrolls of enchant weapon {unknown}
 m - a scroll of blinking {unknown}
Potions
 d - a potion of curing
 i - a potion of haste {unknown}
 j - a potion of flight {unknown}
 l - a potion of might {unknown}


   Skills:
 + Level 1.3 Fighting
 - Level 2.0 Dodging
 + Level 3.3 Stealth
 + Level 3.2 Spellcasting
 - Level 2.0 Conjurations
 - Level 2.0 Summonings
 - Level 1.0 Translocations


You had 8 spell levels left.
You knew the following spells:

 Your Spells              Type           Power        Failure   Level
a - Magic Dart            Conj           36%          8%          1

Your spell library contained the following spells:

 Spells                   Type           Power        Failure   Level
 Call Imp                 Summ           9%           12%         2
 Blink                    Tloc           N/A          17%         2
 Slow                     Hex            2%           26%         2
 Conjure Flame            Conj/Fire      6%           34%         3
 Mephitic Cloud           Conj/Pois/Air  5%           36%         3


Dungeon Overview and Level Annotations

Branches:
Dungeon (2/15)

Altars:
Zin

Annotations:
D:2 Robin


Innate Abilities, Weirdness & Mutations

You cannot wear most types of armour.
You are very stealthy in the water. (Stealth+)
You are amphibious.
You can wear up to eight rings at the same time.
You can use your tentacles to constrict eight enemies at once.
Your skin changes colour to match your surroundings (Stealth+).
Your rubbery body absorbs attacks. (AC +1, EV +1)


Message History

Robin roars a battlecry!
The hobgoblin goes into a battle-frenzy!
You have reached level 4!
The magic dart hits the hobgoblin but does no damage.
You hit the hobgoblin. Your grab misses the hobgoblin.
Your squeeze misses the hobgoblin.
The hobgoblin is lightly wounded.
The hobgoblin hits you with a +0 club. Robin throws the goblin at you!
You hit the goblin but do no damage. Your grab misses the goblin.
The goblin closely misses you. The hobgoblin hits you with a +0 club.
You hit the goblin but do no damage. Your grab misses the goblin.
The goblin hits you. The hobgoblin hits you with a +0 club.
* * * LOW HITPOINT WARNING * * *
It was a potion of curing.
You feel better. The goblin barely misses you.
The hobgoblin hits you with a +0 club.
* * * LOW HITPOINT WARNING * * *
It was a potion of attraction.
You feel attractive to monsters. The goblin barely misses you.
The hobgoblin hits you with a +0 club!
You die...

#.# #.#....####### #.#
#.#...........
#.########.##...#######
########...............#
#...
#.................####.#
#.##
####.#################
#.####.# .....# #g..g.#
#.>....## ###### #g###)#
######... # #@# .# ####
# #g# g# # #.# .# # #.#
g# # #.# .# #
#########.# g# #
#.........#
########.#########
.........#


You could see Robin, a hobgoblin (strong) and a goblin (strong).

Vanquished Creatures
  A worm (D:2)
  A dart slug (D:2)
  2 leopard geckos (D:1)
  4 ball pythons
  4 bats
  2 giant cockroaches
  10 goblins
  8 hobgoblins
  4 kobolds
  A quokka (D:2)
  3 frilled lizards
  7 rats
47 creatures vanquished.

Notes
Turn   | Place    | Note
-------+----------+-------------------------------------------
     0 | D:1      | thiole the Octopode Hedge Wizard began the quest for the
                  | Orb.
     0 | D:1      | Reached XP level 1. HP: 11/11 MP: 4/4
   183 | D:1      | Reached XP level 2. HP: 16/17 MP: 1/6
   936 | D:1      | Reached XP level 3. HP: 22/22 MP: 4/7
  1533 | D:2      | Reached skill level 1 in Fighting
  2076 | D:2      | Found a glowing silver altar of Zin.
  2518 | D:2      | Noticed Robin
  2530 | D:2      | Reached XP level 4. HP: 24/28 MP: 4/8
  2538 | D:2      | Slain by a hobgoblin

Illustrated notes

Levels and vault maps discovered:
D:1:      dpeg_arrival_more_subterranean_lakeside_camping, layout_basic
D:2:      layout_loops_ring, lemuel_round_altar, uniq_robin

Skill      XL: |  1  2  3 |
---------------+----------+-----
Stealth        | 3 |  3.3
Fighting       | 1 |  1.3
Conjurations   | 2 |  2.0
Summonings     | 2 |  2.0
Dodging        | |  2.0
Spellcasting   | |  3.2
Translocations | |  1.0

Action                   |  1- 3 |  4- 6 || total
-------------------------+-------+-------++-------
Melee: Dagger            |    45 |     3 ||    48
       Constrict         |    11 |       ||    11
       Tentacles         |     8 |       ||     8
 Cast: Magic Dart        |    93 |     1 ||    94
  Use: Potion            |       |     2 ||     2
Armor: Skin              |     3 |       ||     3
Dodge: Dodged            |    19 |     3 ||    22
